 Dungeon Crawl Stone Soup version 0.31.0-32-g396128a36d (webtiles) character file.

Game seed: 6938962868374030145

37 flestrin the Ducker (level 3, -4/40 HPs)
             Began as a Demonspawn Shapeshifter on Apr 12, 2024.
             Slain by Terence
             ... wielding a +1 trident of venom
              (6 damage)
             ... on level 2 of the Dungeon.
             The game lasted 00:02:42 (1348 turns).

flestrin the Ducker (Demonspawn Shapeshifter)       Turns: 1348, Time: 00:02:42

Health: -4/40      AC: 21    Str: 16    XL:     3   Next: 21%
Magic:  2/2        EV:  2    Int: 10    God:
Gold:   64         SH:  0    Dex: 12    Spells: 2/2 levels left

rFire   . .          .
                       - Unarmed
rCold   . . .        (no shield)
rNeg    . . .        a - melded +0 animal skin
rPois   +            (helmet currently unavailable)
rElec   .            (cloak currently unavailable)
rCorr   .            (gloves currently unavailable)
SInv    .            (boots currently unavailable)
Will    .....        (no amulet)
Stlth   +            (no ring)
HPRegen 0.26/turn    (no ring)
MPRegen 0.08/turn

%: no passive effects
@: brilliant, lethally poisoned (-4 -> -17), tree-form
A: stationary, stasis, torment immunity, boosted hp, (thin metallic scales 1),
low MP 1, wild magic 1, inability to read after injury 1
a: no special abilities


You were on level 2 of the Dungeon.
You were a tree.
You visited 1 branch of the dungeon, and saw 2 of its levels.

You collected 64 gold pieces.

Inventory:

Armour
 a - a +0 animal skin (melded)
Talismans
 c - a beast talisman
 d - a flux talisman
Scrolls
 e - a scroll of teleportation
Potions
 b - a potion of lignification


   Skills:
 + Level 2.3 Fighting
 + Level 2.7 Dodging
 - Level 2.6 Unarmed Combat
 - Level 2.6 Shapeshifting


You had 2 spell levels left.
You didn't know any spells.
Your spell library contained the following spells:

 Spells                   Type           Power      Damage    Failure   Level
 Lesser Beckoning         Tloc           0%         N/A       58%         2
 Gell's Gravitas          Tloc           0%         N/A       82%         3
 Teleport Other           Tloc           0%         N/A       82%         3


Dungeon Overview and Level Annotations

Branches:
Dungeon (2/15)

Altars:
Fedhas

Annotations:
D:1 1 transporter
D:2 Terence


Innate Abilities, Weirdness & Mutations

You are a tree.
Your roots penetrate the ground, keeping you stationary.
You cannot be teleported.
You are immune to unholy pain and torment.
Your maximum health is greatly increased.
Your equipment is partially melded.
((You are partially covered in thin metallic scales. (AC +2)))
Your magical capacity is low. (-10% MP)
Your spells are a little harder to cast, but a little more powerful.
You occasionally lose the ability to read scrolls when taking damage.


Message History

Unknown command.
It was a potion of brilliance.
You feel clever all of a sudden.
It was a potion of mutation.
You feel extremely strange.
You feel less in control of your magic.
You occasionally lose the ability to read scrolls when taking damage.
You feel less energetic.
Terence hits you from afar with a +1 trident of venom.
Terence hits you but does no damage. Terence hits you but does no damage.
You are poisoned.
You feel very sick. Terence screams, "I want your blood!"
Terence hits you from afar with a +1 trident of venom.
You feel sick. Terence hits you but does no damage.
You are more poisoned.
You feel very sick. Terence hits you but does no damage.
You are more poisoned.
As you read the scroll labelled HAFOKH QUT ICS, it crumbles to dust.
You feel a strange sense of stasis.
It was a scroll of teleportation.
You feel very sick. Terence hits you but does no damage.
As you read the scroll labelled SABBAOWKOU, it crumbles to dust.
It is a scroll of identify.
You don't currently have any unidentified items.
You feel very sick. Terence hits you but does no damage.
You feel very sick. Terence screams, "I want your blood!"
Terence hits you but does no damage.
You feel sick.
Terence hits you from afar with a +1 trident of venom!
* * * LOW HITPOINT WARNING * * *
You are more poisoned.
* * * LOW HITPOINT WARNING * * *
You feel very sick.
Terence hits you from afar with a +1 trident of venom.
You die...
Terence says, "That felt goooood."

##### ###### #..........
#...# #....# #..........
##### ###.#####....#
#.......... ....#
#....##....# #..........
....# #.##.##....#
#........." ....#
#.##.......# ##'########
....# #.####.....# #r#
....# #.####.....# #$#
....# #......♣†.## #.#
....# #####.....#####@#
########### ###.#@....#.#
...... ...# #.#.###...##
#########.########.#####..#
#..)................#
#.#.#####...........#
#.#.#..............>#
#.#.#.###.........###


You could see Terence.

Vanquished Creatures
  5 endoplasms (D:1)
  5 goblins
  5 hobgoblins
  2 quokkas (D:1)
  4 ball pythons
  3 bats (D:1)
  3 frilled lizards (D:1)
  3 kobolds
  2 rats
32 creatures vanquished.

Notes
Turn   | Place    | Note
-------+----------+-------------------------------------------
     0 | D:1      | flestrin the Demonspawn Shapeshifter began the quest for
                  | the Orb.
     0 | D:1      | Reached XP level 1. HP: 15/15 MP: 1/1
   126 | D:1      | Gained mutation: You are partially covered in thin metallic
                  | scales. (AC +2) [demonic ancestry]
   126 | D:1      | Reached XP level 2. HP: 20/21 MP: 2/2
   730 | D:1      | Reached XP level 3. HP: 27/27 MP: 3/3
   805 | D:2      | Found a blossoming altar of Fedhas.
   947 | D:2      | Noticed Terence
  1338 | D:2      | Gained mutation: Your spells are a little harder to cast,
                  | but a little more powerful. [potion of mutation]
  1338 | D:2      | Gained mutation: You occasionally lose the ability to read
                  | scrolls when taking damage. [potion of mutation]
  1338 | D:2      | Gained mutation: Your magical capacity is low. (-10% MP)
                  | [potion of mutation]
  1348 | D:2      | HP: 2/40 [poisoned by Terence]
  1348 | D:2      | Slain by Terence

Illustrated notes

Levels and vault maps discovered:
D:1:      spicycebolla_arrival_risky_transporter, layout_loops_ring
D:2:      layout_basic, basic_altar, ebering_ecumenical_altar_mist,
          uniq_crazy_yiuf_cottage, uniq_robin, uniq_terence

Skill      XL: |  1  2 |
---------------+-------+-----
Dodging        | 2 |  2.7
Fighting       | 2 |  2.3
Unarmed Combat | |  2.6
Shapeshifting  | |  2.6

Action                     || total
---------------------------++-------
  Melee: Unarmed           ||   104
         Punch             ||     2
    Use: Potion            ||     4
         Scroll            ||     2
 Armour: Animal skin       ||    46
         Skin              ||    28
  Dodge: Dodged            ||    55
